 Dungeon Sprint DCSS version 0.29-a0-384-g6960b1960d (webtiles) character file.

Game seed: 16546874440441531480

20379 mhtbhm the Shatterer (level 12, -9/132 HPs)
             Began as a Minotaur Fighter on May 7, 2022.
             Was an Initiate of Gozag.
             Mangled by a vampire knight
             ... wielding a +1 vorpal glaive
              (10 damage)
             ... while paralysed by a vampire knight
             ... in the Dungeon (Sprint IX: "|||||||||||||||||||||||||||||").
             The game lasted 00:06:11 (2981 turns).

mhtbhm the Shatterer (Minotaur Fighter)             Turns: 2981, Time: 00:06:12

Health: -9/132     AC: 17    Str: 30    XL:     12   Next: 44%
Magic:  11/11      EV:  2    Int:  5    God:    Gozag
Gold:   4757       SH:  0    Dex: 12    Spells: 11/11 levels left

rFire   + . .      SeeInvis .   a - +2 morningstar (freeze)
rCold   + . .      Faith    .   c - +0 buckler
rNeg    + . .      Spirit   .   b - +0 swamp dragon scales
rPois   +          Reflect  .   (helmet restricted)
rElec   +          Harm     .   s - +0 cloak
rCorr   +          Rampage  .   m - +0 pair of gloves
Will    +....      NoTele   +   (no boots)
Stlth   ++........              (no amulet)
HPRegen 0.32/turn               n - +2 ring of protection
MPRegen 0.12/turn               D - ring "Yloen" {rN+ Will+ Str+6}

@: paralysed, mighty, resistant
A: horns 2, retaliatory headbutt
a: Renounce Religion, Potion Petition, Call Merchant, Bribe Branch


You were in the Dungeon.
You worshipped Gozag.
Gozag was most pleased with you.
You visited 1 branch You collected 8157 gold pieces.
You spent 2286 gold pieces at shops.
You paid 1114 gold pieces to Gozag.

Inventory:

Hand Weapons
 a - a +2 morningstar of freezing (weapon)
Missiles
 r - 3 poisoned darts (quivered)
Armour
 b - +0 swamp dragon scales (worn)
 c - a +0 buckler (worn)
 m - a +0 pair of gloves (worn)
 s - a +0 cloak (worn)
Jewellery
 n - a +2 ring of protection (left hand)
 x - a ring of fire
 y - a ring of willpower
 z - a ring of see invisible
 A - a ring of protection from cold
 D - the ring "Yloen" (right hand) {rN+ Will+ Str+6}
   (You bought it in a shop in the Dungeon)

   [ring of strength]

   Str:       It affects your strength (+6).
   rN:        It protects you from negative energy.
   Will:      It increases your willpower.
Wands
 l - a wand of iceblast (7)
 w - a wand of digging (7)
Scrolls
 d - 4 scrolls of identify
 f - 4 scrolls of enchant weapon
 j - 2 scrolls of blinking
 k - 3 scrolls of amnesia
 p - 2 scrolls of fog
 q - 2 scrolls of enchant armour
 C - 2 scrolls of fear
Potions
 e - 18 potions of curing
 g - a potion of haste
 h - 4 potions of magic
 i - 6 potions of heal wounds
 t - a potion of experience
 u - a potion of invisibility
 v - a potion of lignification {unknown}
 B - a potion of berserk rage


   Skills:
 + Level 19.9 Fighting
 + Level 21.6 Maces & Flails
 + Level 16.0 Armour
 + Level 10.9 Dodging
 + Level 6.0 Stealth
 + Level 14.6 Shields
 + Level 0.7 Unarmed Combat
 + Level 2.3 Evocations


You had 11 spell levels left.
You didn't know any spells.
Your spell library contained the following spells:

 Spells                   Type           Power      Damage    Failure   Level
 Corpse Rot               Necr/Air       0%         N/A       75%         2
 Dispel Undead            Necr           0%         3d6       100%        4
 Death Channel            Necr           0%         N/A       100%        6


Dungeon Overview and Level Annotations

Branches:
Dungeon (1/1)

Altars:
Cheibriados
Dithmenos
Elyvilon
Fedhas
Gozag
Hepliaklqana
Kikubaaqudgha
Makhleb
Nemelex Xobeh
Okawaru
Qazlal
Ru
Sif Muna
Trog
Uskayaw
Vehumet
Wu Jian
Xom
Yredelemnul
Zin
The Shining One
Beogh
Jiyva
Lugonu

Shops:
D =[!(!


Innate Abilities, Weirdness & Mutations

You have a pair of horns on your head.
You reflexively headbutt those who attack you in melee.


Message History

Unknown command.
You feel much better.
The ettin is no longer distracted by gold.
The vampire knight hits you with a +1 vorpal glaive!!
* * * LOW HITPOINT WARNING * * *
x2 You block the vampire knight's attack.
Unknown command.
You feel much better.
The vampire knight hits you with a +1 vorpal glaive!!
* * * LOW HITPOINT WARNING * * *
x2 The vampire knight bites you but does no damage.
Unknown command.
You feel much better. You block the vampire knight's attack.
The vampire knight bites you but does no damage.
A fire giant comes into view.
It is wielding a +0 great sword of flaming.
The fire giant shouts!
You impale the vampire knight!! You freeze the vampire knight.
You headbutt the vampire knight, but do no damage.
The vampire knight is heavily damaged.
You hear a shout!
The centaur warrior is no longer distracted by gold.
The vampire knight draws life force from you!
* * * LOW HITPOINT WARNING * * *
The vampire knight is healed by the life force!
You barely miss the vampire knight.
The vampire knight is moderately damaged.
You sock the vampire knight! You freeze the vampire knight.
The vampire knight is severely damaged.
The vampire knight points at you and mumbles some strange words.
You suddenly lose the ability to move!
The vampire knight draws life force from you!
* * * LOW HITPOINT WARNING * * *
The vampire knight is healed by the life force!
The vampire knight gestures at you while chanting.
You shrug off the repeated paralysis!
The tarantella changes into a spriggan!
The vampire knight hits you with a +1 vorpal glaive!!
* * * LOW HITPOINT WARNING * * *
You die...
Your body crumbles into a pile of gold.

▓.▓.▓.▓(▓.▓'▓
▓C▓.▓∩▓.▓.▓.▓.▓
▓C▓.▓)▓.▓.▓.▓.▓
▓C▓.▓∩▓.▓.▓.▓.▓
▓i▓.▓.▓.▓.▓.▓[▓
▓c▓)▓∩▓.▓.▓.▓[▓
▓H▓.▓)▓.▓.▓.▓.▓
▓V▓.▓)▓.▓.▓.▓)▓
▓@▓.▓.▓.▓.▓.▓.▓
▓'▓.▓)▓.▓.▓.▓.▓
▓.▓.▓)▓.▓'▓.▓'▓
▓∩▓.▓)▓.▓.▓.▓_▓
▓.▓.▓.▓.▓.▓.▓_▓
▓.▓.▓.▓.▓.▓.▓_▓
▓.▓.▓.▓.▓.▓.▓_▓
▓.▓.▓.▓.▓.▓.▓_▓
▓.▓.▓.▓.▓.▓.▓_▓


You could see a fire giant, a vampire knight, 2 ettins, a centaur warrior, a
manticore and a spriggan shaped shifter.

Vanquished Creatures
  A stone giant (D)
  Erolcha (D)
  A boulder beetle (D)
  A hydra (D)
  Erica (D)
  A centaur warrior (D)
  A two-headed ogre (D)
  4 death yaks (D)
  6 orc high priests (D)
  7 orc knights (D)
  An oklob plant (D)
  A deep elf pyromancer (D)
  A manticore (D)
  An orc sorcerer (D)
  A cyclops (D)
  3 cane toads (D)
  Psyche (D)
  2 komodo dragons (D)
  A yaktaur (D)
  2 trolls (D)
  A polar bear (D)
  A blink frog (D)
  A slime creature (D)
  A wraith (D)
  6 yaks (D)
  Eustachio (D)
  A vampire (D)
  5 water moccasins (D)
  5 orc warriors (D)
  3 bullfrogs (D)
  A killer bee (D)
  5 orc priests (D)
  A jelly (D)
  An iguana (D)
  An orc wizard (D)
  A hell rat (D)
  A white imp (D)
  An ufetubus (D)
  14 orcs (D)
  A ball python (D)
  An endoplasm (D)
  A kobold (D)
  A quokka (D)
  A bat (D)
94 creatures vanquished.

Vanquished Creatures (others)
  A vampire mosquito (D)
  An orc (D)
2 creatures vanquished.

Grand Total: 96 creatures vanquished

Notes
Turn   | Place    | Note
-------+----------+-------------------------------------------
     0 | D        | mhtbhm the Minotaur Fighter began the quest for the Orb.
     0 | D        | Reached XP level 1. HP: 19/19 MP: 0/0
    78 | D        | Noticed a jelly
    78 | D        | Noticed an iguana
    79 | D        | Reached skill level 3 in Maces & Flails
    79 | D        | Reached XP level 2. HP: 28/28 MP: 1/1
    89 | D        | Reached skill level 5 in Fighting
    89 | D        | Reached skill level 4 in Maces & Flails
    89 | D        | Reached skill level 5 in Armour
    89 | D        | Reached skill level 5 in Shields
    89 | D        | Reached XP level 3. HP: 36/36 MP: 2/2
    91 | D        | Reached skill level 5 in Maces & Flails
    91 | D        | Reached XP level 4. HP: 44/44 MP: 3/3
    97 | D        | Found a snail-covered altar of Cheibriados.
    97 | D        | Found a shadowy altar of Dithmenos.
    97 | D        | Found a white marble altar of Elyvilon.
    97 | D        | Found a blossoming altar of Fedhas.
    97 | D        | Found an opulent altar of Gozag.
    98 | D        | Found a hazy altar of Hepliaklqana.
    99 | D        | Found a viscous altar of Jiyva.
   100 | D        | Found an ancient bone altar of Kikubaaqudgha.
   101 | D        | Found a corrupted altar of Lugonu.
   102 | D        | Found a burning altar of Makhleb.
   103 | D        | Found a sparkling altar of Nemelex Xobeh.
   104 | D        | Found an iron altar of Okawaru.
   105 | D        | Found a stormy altar of Qazlal.
   106 | D        | Found a sacrificial altar of Ru.
   107 | D        | Found a shimmering blue altar of Sif Muna.
   108 | D        | Found a bloodstained altar of Trog.
   109 | D        | Found a hide-covered altar of Uskayaw.
   110 | D        | Found a radiant altar of Vehumet.
   111 | D        | Found an ornate altar of the Wu Jian Council.
   112 | D        | Found a shimmering altar of Xom.
   113 | D        | Found a basalt altar of Yredelemnul.
   123 | D        | Became a worshipper of Gozag Ym Sagoz the Greedy
   133 | D        | Found a glowing silver altar of Zin.
   134 | D        | Found a glowing golden altar of the Shining One.
   330 | D        | Noticed a troll
   330 | D        | Noticed a troll
   330 | D        | Noticed a vampire
   330 | D        | Noticed a wraith
   330 | D        | Noticed a yak
   336 | D        | Killed a yak
   337 | D        | Reached skill level 7 in Maces & Flails
   337 | D        | Reached skill level 1 in Dodging
   337 | D        | Reached XP level 5. HP: 38/53 MP: 4/4
   341 | D        | Killed a wraith
   342 | D        | Reached skill level 8 in Maces & Flails
   342 | D        | Reached XP level 6. HP: 42/63 MP: 5/5
   451 | D        | Reached skill level 9 in Maces & Flails
   451 | D        | Killed a vampire
   452 | D        | Reached skill level 10 in Armour
   452 | D        | Reached XP level 7. HP: 71/71 MP: 6/6
   453 | D        | Killed a troll
   454 | D        | Reached skill level 10 in Fighting
   454 | D        | Reached skill level 10 in Maces & Flails
   460 | D        | Killed a troll
   461 | D        | Reached skill level 11 in Maces & Flails
   461 | D        | Reached XP level 8. HP: 59/82 MP: 7/7
   466 | D        | Noticed a centaur warrior
   466 | D        | Noticed a seven-headed hydra
   466 | D        | Noticed a deep elf pyromancer
   466 | D        | Noticed a two-headed ogre
   466 | D        | Noticed a cyclops
   471 | D        | Killed a cyclops
   472 | D        | Reached skill level 12 in Maces & Flails
   472 | D        | Reached skill level 10 in Shields
   474 | D        | Killed a two-headed ogre
   475 | D        | Reached skill level 13 in Maces & Flails
   477 | D        | Killed a deep elf pyromancer
   478 | D        | Reached skill level 14 in Maces & Flails
   478 | D        | Reached XP level 9. HP: 59/93 MP: 8/8
   480 | D        | Killed a seven-headed hydra
   485 | D        | Reached skill level 15 in Maces & Flails
   487 | D        | Killed a centaur warrior
   488 | D        | Reached skill level 5 in Dodging
   740 | D        | Noticed a cane toad
   741 | D        | Noticed a cane toad
   746 | D        | Reached skill level 1 in Stealth
   755 | D        | Reached skill level 16 in Maces & Flails
   755 | D        | Reached XP level 10. HP: 101/103 MP: 9/9
   758 | D        | Killed a cane toad
   761 | D        | Killed a cane toad
   786 | D        | Noticed a cane toad
   788 | D        | Killed a cane toad
   792 | D        | Reached skill level 17 in Maces & Flails
   802 | D        | Reached skill level 15 in Fighting
   808 | D        | Noticed an oklob plant
   830 | D        | Killed an oklob plant
   937 | D        | Noticed a death yak
   937 | D        | Noticed a death yak
   937 | D        | Noticed a death yak
   944 | D        | Noticed a death yak
   949 | D        | Killed a death yak
   950 | D        | Reached skill level 18 in Maces & Flails
   950 | D        | Reached skill level 1 in Evocations
   954 | D        | Killed a death yak
   955 | D        | Reached XP level 11. HP: 81/114 MP: 10/10
  1121 | D        | Killed a death yak
  1130 | D        | Killed a death yak
  1131 | D        | Reached skill level 19 in Maces & Flails
  1269 | D        | Noticed an orc knight
  1288 | D        | Killed an orc knight
  1550 | D        | Noticed an orc knight
  1550 | D        | Noticed an orc high priest
  1550 | D        | Noticed an orc knight
  1551 | D        | Noticed an orc knight
  1556 | D        | Killed an orc knight
  1564 | D        | Reached skill level 15 in Armour
  1567 | D        | Noticed an orc knight
  1979 | D        | Killed an orc high priest
  1986 | D        | Killed an orc knight
  2066 | D        | Killed an orc knight
  2079 | D        | Killed an orc knight
  2080 | D        | Reached skill level 20 in Maces & Flails
  2104 | D        | Noticed an orc knight
  2113 | D        | Killed an orc knight
  2178 | D        | Found Dohofitt's Distillery.
  2178 | D        | Noticed an orc sorcerer
  2179 | D        | Noticed an orc high priest
  2181 | D        | Noticed an orc high priest
  2182 | D        | Noticed a sixfirhy
  2187 | D        | Killed an orc sorcerer
  2188 | D        | Reached skill level 5 in Stealth
  2192 | D        | Found Asedexuh's Antique Weapon Shop.
  2196 | D        | Found Zosir's Distillery.
  2201 | D        | Killed an orc high priest
  2202 | D        | Noticed an orc high priest
  2210 | D        | Killed an orc high priest
  2211 | D        | Found Southune's Armour Shop.
  2219 | D        | Killed an orc high priest
  2220 | D        | Noticed an orc high priest
  2222 | D        | Noticed an orc high priest
  2234 | D        | Killed an orc high priest
  2235 | D        | Reached skill level 10 in Dodging
  2235 | D        | Reached XP level 12. HP: 75/128 MP: 11/11
  2240 | D        | Killed an orc high priest
  2287 | D        | Bought a potion of experience for 600 gold pieces
  2287 | D        | Bought a potion of invisibility for 96 gold pieces
  2287 | D        | Bought a potion of heal wounds for 60 gold pieces
  2287 | D        | Bought a potion of heal wounds for 60 gold pieces
  2287 | D        | Bought a potion of heal wounds for 60 gold pieces
  2287 | D        | Bought a potion of curing for 36 gold pieces
  2295 | D        | Bought a potion of curing for 30 gold pieces
  2295 | D        | Bought a potion of curing for 30 gold pieces
  2295 | D        | Bought a potion of heal wounds for 50 gold pieces
  2295 | D        | Bought 2 potions of curing for 60 gold pieces
  2506 | D        | Noticed Eustachio
  2513 | D        | Killed Eustachio
  2548 | D        | Noticed Erica
  2560 | D        | Killed Erica
  2561 | D        | Reached skill level 21 in Maces & Flails
  2688 | D        | Noticed Psyche
  2689 | D        | Noticed Erolcha
  2693 | D        | Killed Psyche
  2736 | D        | Killed Erolcha
  2929 | D        | Bought the ring "Yloen" {rN+ Will+ Str+6} for 1204 gold
                  | pieces
  2933 | D        | Noticed a boulder beetle
  2934 | D        | Noticed a centaur warrior
  2937 | D        | Noticed a stone giant
  2949 | D        | Killed a boulder beetle
  2954 | D        | Noticed a vampire knight
  2965 | D        | Noticed an ettin
  2970 | D        | Killed a stone giant
  2970 | D        | Noticed an ettin
  2975 | D        | Noticed a fire giant
  2978 | D        | Paralysed by a vampire knight for 3 turns
  2981 | D        | HP: 1/132 [vampire knight/+1 vorpal glaive (30)]
  2981 | D        | Mangled by a vampire knight

Illustrated notes

Levels and vault maps discovered:
D:        linesprint [early_d, line_temple, items_1, d_10, items_2, lair_1,
          lair_end, items_3, orc_1, orc_end, items_4, d_15, swamp_1, shoals_1,
          snake_1, spider_1, d_20, vaults_1, items_5, swamp_end, shoals_end,
          snake_end, spider_end, vaults_end, d_27, items_6, zot_1, zot_end,
          crypt_end, forest_end, elf_end, slime_end, tomb_end, abyss_end,
          pan_hell_end]

Skill      XL: |  1  2  3  4  5  6  7  8  9 10 11 12 |
---------------+-------------------------------------+-----
Fighting       | 4 5 6 8 9 11 13 14 15 18 19 | 19.9
Armour         | 4 5 6 8 9 10 11 12 13 14 15 16 | 16.0
Shields        | 4 5 7 8 9 11 13 14 | 14.6
Maces & Flails | 3 4 5 7 8 9 11 14 16 18 20 21 | 21.6
Dodging        | 1 2 4 5 7 10 | 10.9
Stealth        | 1 3 5 6 |  6.0
Evocations     | 1 2 |  2.3
Unarmed Combat | |  0.7

Action                   |  1- 3 |  4- 6 |  7- 9 | 10-12 || total
-------------------------+-------+-------+-------+-------++-------
Melee: Flail             |    21 |     2 |       |       ||    23
       Headbutt          |     2 |     8 |     3 |    67 ||    80
       Morningstar       |       |    14 |    33 |   257 ||   304
       Unarmed           |       |       |       |     3 ||     3
Invok: Potion Petition   |       |       |       |     1 ||     1
       Call Merchant     |       |       |       |     1 ||     1
Evoke: Wand              |       |       |     1 |     2 ||     3
  Use: Potion            |     2 |     2 |     1 |     3 ||     8
 Stab: Invisible         |       |       |     2 |       ||     2
       Distracted        |       |       |       |     2 ||     2
Armor: Scale mail        |     7 |       |       |       ||     7
       Ring mail         |       |     4 |     4 |    30 ||    38
       Swamp dragon scal |       |       |       |     9 ||     9
Dodge: Dodged            |    12 |     6 |    18 |    65 ||   101
Block: Buckler           |    10 |     5 |    16 |    41 ||    72

Table legend: (Time is in decaauts)
 A = Elapsed time spent in this place.
 B = Non-inter-level travel time spent in this place.
 C = Inter-level travel time spent in this place.
 D = Time resting spent in this place.
 E = Time spent auto-exploring this place.
 F = Levels seen in this place.
 G = Mean time per level.
                   A        B        C        D        E       F      G
               +--------+--------+--------+--------+--------+-----+--------+
         Total |   2921 |   2921 |      0 |    909 |    918 |   1 | 2921.0 |
       Dungeon |   2921 |   2921 |      0 |    909 |    918 |   1 | 2921.0 |
               +--------+--------+--------+--------+--------+-----+--------+

Top non-repeatable levels by time:
       D: 2921 daAuts
